 Dungeon Crawl Stone Soup version 0.28.0-53-g5a82cb258f (webtiles) character file.

Game seed: 2852808023424731728

3155 Gabide the Nimble (level 10, -3/79 HPs)
             Began as a Human Monk on June 14, 2022.
             Was a Priest of Dithmenos.
             Slain by a boulder beetle (15 damage)
             ... on level 7 of the Dungeon.
             The game lasted 00:13:12 (8321 turns).

Gabide the Nimble (Human Monk)                      Turns: 8321, Time: 00:13:13

Health: -3/79      AC:  8    Str: 15    XL:     10   Next: 15%
Magic:  10/10      EV: 19    Int: 10    God:    Dithmenos [***...]
Gold:   483        SH:  0    Dex: 21    Spells: 9/9 levels left

rFire   . . .      SeeInvis .   A - +6 trident "Ogre's Regret" {chaos, rC++ Str+4}
rCold   + + +      Faith    .   (no shield)
rNeg    . . .      Spirit   .   y - +1 leather armour {rC+}
rPois   .          Reflect  .   o - +0 helmet
rElec   .          Harm     .   e - +2 cloak
rCorr   .          Rampage  .   (no gloves)
Will    .....                   (no boots)
Stlth   +++.......              (no amulet)
HPRegen 0.23/turn               (no ring)
MPRegen 0.12/turn               (no ring)

@: flying, wreathed by umbra
A: no striking features
a: Renounce Religion, Shadow Step


You were on level 7 of the Dungeon.
You worshipped Dithmenos.
Dithmenos was most pleased with you.
You visited 2 branches of the dungeon, and saw 8 of its levels.

You collected 483 gold pieces.

Inventory:

Hand Weapons
 h - a +3 spectral club
 A - the +6 trident "Ogre's Regret" (weapon) {chaos, rC++ Str+4}
   (You found it on level 7 of the Dungeon)

   Each time it hits an enemy it has a different, random effect.
   Str:       It affects your strength (+4).
   rC:        It greatly protects you from cold.
Missiles
 c - 19 poisoned darts (quivered)
Armour
 e - a +2 cloak (worn)
 o - a +0 helmet (worn)
 p - an orb of light
 y - a +1 leather armour of cold resistance (worn)
Jewellery
 a - an amulet of faith
Wands
 g - a wand of digging (3)
 i - a wand of flame (16)
 q - a wand of iceblast (10)
 u - a wand of polymorph (7)
Scrolls
 r - a scroll of noise {unknown}
 t - a scroll of amnesia {unknown}
 v - a scroll of magic mapping
 x - a scroll of immolation {unknown}
 z - a scroll of silence {unknown}
Potions
 b - a potion of attraction
 d - a potion of haste
 f - a potion of degeneration
 j - 3 potions of mutation
 k - a potion of brilliance {unknown}
 m - a potion of ambrosia
 n - a potion of flight
 s - 2 potions of curing {unknown}
 w - a potion of might {unknown}


   Skills:
 + Level 7.5 Fighting
 * Level 9.9 Dodging
 - Level 2.0 Stealth
 + Level 7.5 Unarmed Combat


You had 9 spell levels left.
You didn't know any spells.
Your spell library contained the following spells:

 Spells                   Type           Power      Damage    Failure   Level
 Magic Dart               Conj           0%         1d3       43%         1
 Searing Ray              Conj           0%         2d4       56%         2
 Fulminant Prism          Conj/Hex       0%         3d6       99%         4


Dungeon Overview and Level Annotations

Branches:
Dungeon (7/15)             Temple (1/1) D:4

Altars:
Ashenzari
Cheibriados
Dithmenos
Elyvilon
Fedhas
Gozag
Hepliaklqana
Makhleb
Nemelex Xobeh
Okawaru
Qazlal
Ru
Sif Muna
Trog
Uskayaw
Vehumet
Wu Jian
Xom
Yredelemnul
Zin
The Shining One


Message History

There is an open door here.
There is an open door here.
The boulder beetle bites you!!
* * * LOW HITPOINT WARNING * * *
Okay, then.
Okay, then.
It was a potion of ambrosia.
You are confused.
You feel invigorated.
The boulder beetle leaps!
You are too confused!
Unknown command.
There is an open door here.
You're too confused to move!
The boulder beetle leaps!
There is an open door here.
You bump into the stone wall.
You're too confused to move!
You feel less invigorated.
You feel less confused. The boulder beetle closely misses you.
There is an open door here.
You hit the boulder beetle but do no damage.
The boulder beetle is heavily wounded.
The boulder beetle bites you!!
* * * LOW HITPOINT WARNING * * *
The boulder beetle bites you!
* * * LOW HITPOINT WARNING * * *
Unknown command.
You hit the boulder beetle but do no damage.
You punch the boulder beetle.
The boulder beetle is heavily wounded.
The boulder beetle bites you.
* * * LOW HITPOINT WARNING * * *
It was a potion of flight.
You feel very buoyant.
You fly up into the air.
The boulder beetle completely misses you.
The boulder beetle misses you.
The boulder beetle bites you but does no damage.
The boulder beetle bites you!
You die...

##..###...................##
#..## #.........######....# ...#
#...[....## ##...#
..#####.......## #...#####
....##........#### ######....###
........<.....#.#####....#.......
.............##'#Z..).##.##......
<............#.B#.#.#.##)########
.............#..@...#....#
.............###########'##
.............#......#...†.#
.............#.#..#.#.#.#.#
.............#..##..#..#..#
.###.........#..##..#.#.#.#
.######......#.#..#.'.....# ..#
###...........####### ### ..##
##...######## #...#####..


You could see a boulder beetle and a centaur skeleton.

Vanquished Creatures
  A troll (D:6)
  Grinder (D:6)
  Sigmund (D:4)
  A wyvern (D:7)
  Menkaure (D:6)
  Edmund (D:4)
  An acid dragon (D:7)
  A hornet zombie (D:7)
  A necrophage (D:4)
  2 ice beasts
  2 ogres (D:5)
  A phantom (D:6)
  2 bullfrogs
  A kobold brigand (D:7)
  3 scorpions
  A water moccasin zombie (D:6)
  3 wyvern skeletons
  A bullfrog zombie (D:6)
  2 centaur skeletons
  2 hounds
  2 orc priests
  Crazy Yiuf (D:6)
  A gnoll shaman (D:4)
  A jelly (D:6)
  A bullfrog skeleton (D:6)
  Jessica (D:1)
  Natasha (thrice) (D:1)
  3 iguanas
  4 orc wizards
  A hound zombie (D:5)
  Robin (D:2)
  A howler monkey skeleton (D:5)
  12 gnolls (D:4)
  5 adders
  A shadow imp (D:7)
  A white imp (D:5)
  2 ufetubi
  A worm (D:1)
  3 dart slugs (D:1)
  8 orcs
  2 bats (D:2)
  5 endoplasms
  5 giant cockroaches
  13 goblins
  6 hobgoblins
  7 jackals
  4 quokkas
  7 ball pythons
  3 frilled lizards
  4 kobolds
  7 rats
145 creatures vanquished.

Notes
Turn   | Place    | Note
-------+----------+-------------------------------------------
     0 | D:1      | Gabide the Human Monk began the quest for the Orb.
     0 | D:1      | Reached XP level 1. HP: 18/18 MP: 1/1
    86 | D:1      | Reached XP level 2. HP: 24/24 MP: 2/2
   621 | D:1      | Reached XP level 3. HP: 25/29 MP: 3/3
  1024 | D:2      | Noticed Natasha
  1202 | D:1      | Killed Natasha
  1203 | D:1      | Reached XP level 4. HP: 36/36 MP: 4/4
  1615 | D:1      | Noticed Natasha
  1623 | D:1      | Killed Natasha
  1679 | D:1      | Noticed Natasha
  1688 | D:1      | Killed Natasha
  1689 | D:1      | Reached XP level 5. HP: 38/42 MP: 5/5
  1758 | D:2      | Noticed Jessica
  1758 | D:2      | Noticed Robin
  1765 | D:1      | Killed Jessica
  1766 | D:1      | Reached skill level 4 in Dodging
  1992 | D:2      | Killed Robin
  2260 | D:2      | Found a shimmering altar of Xom.
  2528 | D:3      | Reached XP level 6. HP: 48/48 MP: 6/6
  2750 | D:3      | Found a faded altar of an unknown god.
  3675 | D:4      | Reached skill level 5 in Dodging
  3879 | D:4      | Reached XP level 7. HP: 39/55 MP: 7/7
  3994 | D:4      | Noticed Sigmund
  4000 | D:4      | Killed Sigmund
  4001 | D:4      | Reached skill level 5 in Fighting
  4068 | D:4      | Noticed Edmund
  4077 | D:4      | Killed Edmund
  4078 | D:4      | Reached skill level 6 in Dodging
  4078 | D:4      | Reached skill level 5 in Unarmed Combat
  4245 | D:4      | Reached XP level 8. HP: 57/62 MP: 8/8
  4314 | D:4      | Identified the +1 ring mail of the Barber Surgeon {Int+2}
  4345 | D:4      | Found a staircase to the Ecumenical Temple.
  4355 | Temple   | Entered the Ecumenical Temple
  4477 | Temple   | Became a worshipper of Dithmenos the Shadowed
  4477 | Temple   | Reached * piety under Dithmenos
  4477 | Temple   | Reached ** piety under Dithmenos
  5174 | D:5      | Entered Level 5 of the Dungeon
  5757 | D:5      | Reached skill level 7 in Dodging
  6453 | D:6      | Reached XP level 9. HP: 69/69 MP: 9/9
  6538 | D:6      | Reached skill level 8 in Dodging
  6637 | D:6      | Noticed Grinder
  6637 | D:6      | Noticed Menkaure
  6904 | D:6      | Killed Menkaure
  6969 | D:6      | Paralysed by Grinder for 4 turns
  6993 | D:6      | Killed Grinder
  7042 | D:6      | Found a runed translucent door.
  7043 | D:6      | Noticed Crazy Yiuf
  7146 | D:6      | Noticed a troll
  7156 | D:6      | Killed a troll
  7157 | D:6      | Reached skill level 9 in Dodging
  7530 | D:6      | Killed Crazy Yiuf
  7977 | D:7      | Reached XP level 10. HP: 65/79 MP: 10/10
  8110 | D:7      | Noticed a boulder beetle
  8214 | D:7      | Reached *** piety under Dithmenos
  8282 | D:7      | Identified the +6 trident "Ogre's Regret" {chaos, rC++
                  | Str+4}
  8305 | D:7      | HP: 2/79 [boulder beetle (19)]
  8321 | D:7      | Slain by a boulder beetle

Illustrated notes

Levels and vault maps discovered:
D:1:      saegor_arrival_simple_e, layout_basic
D:2:      layout_basic, basic_altar, mrwooster_statue_mirror, uniq_jessica,
          uniq_robin, uniq_natasha
D:3:      wad_crossroads, layout_loops_ring, ebering_ecumenical_altar_mist,
          kennysheep_flooded_box, grunt_ministairs_14
D:4:      layout_loops_corners, minmay_temple_entry_waves,
          sigmund_edmund_badplayer
D:5:      layout_basic, nicolae_fountain_basement, uniq_edmund
D:6:      layout_rooms, uniq_grinder, uniq_crazy_yiuf_cottage, uniq_sigmund,
          uniq_menkaure
D:7:      minmay_clustersquares, layout_layer_cave
Temple:   regret_index_temple_sigil_plot

Skill      XL: |  1  2  3  4  5  6  7  8  9 |
---------------+----------------------------+-----
Fighting       | 4 5 6 7 |  7.5
Dodging        | 4 5 6 7 9 |  9.9
Unarmed Combat | 4 5 6 7 |  7.5
Stealth        | |  2.0

Action                   |  1- 3 |  4- 6 |  7- 9 | 10-12 || total
-------------------------+-------+-------+-------+-------++-------
Melee: Unarmed           |    99 |    13 |       |    10 ||   122
       Punch             |     2 |     6 |    13 |    14 ||    35
       Club              |       |   105 |   220 |    46 ||   371
       Trident           |       |       |       |     3 ||     3
Throw: Dart              |       |     7 |     3 |       ||    10
  Use: Potion            |     1 |       |       |     4 ||     5
       Scroll            |       |     4 |     1 |       ||     5
 Stab: Sleeping          |     2 |     6 |     8 |     1 ||    17
       Distracted        |       |     3 |       |     1 ||     4
Armor: Robe              |    25 |    40 |    61 |       ||   126
       Leather armour    |       |       |    11 |     9 ||    20
Dodge: Dodged            |    75 |   111 |   201 |    49 ||   436
